[Event "2026 Biel Blitz Open"]
[Site "Biel, CH"]
[Date "2026.07.19"]
[Round "4"]
[White "Schweizer, Simon"]
[Black "Vihaan Dumir"]
[Result "1/2-1/2"]
[Board "18"]
[TimeControl "180+2"]
[WhiteFideId "1325361"]
[BlackFideId "25901010"]
[WhiteElo "2182"]
[BlackElo "1965"]
[BlackTitle "CM"]
[WhiteClock "0:01:25"]
[BlackClock "0:00:25"]
[Variant "Standard"]
[EndDate "2026.07.19"]
[EndTime "12:50:43"]

1. e4 c5 2. Nf3 e6 3. d4 cxd4 4. Nxd4 Nf6 5. Nc3 Nc6 6. Bf4 Bb4 7. Ndb5 Nxe4 8. a3 Ba5 9. Nd6+ Nxd6 10. Bxd6 Qf6 11. Qd2 Qd4 12. O-O-O Bxc3 13. bxc3 Qxd2+ 14. Rxd2 f6 15. f4 Kf7 16. Bc4 f5 17. a4 b6 18. Re1 Bb7 19. Kb2 Na5 20. Ba2 Rac8 21. Bb4 d5 22. Bxa5 bxa5 23. c4 Rhd8 24. cxd5 Bxd5 25. Bxd5 Rxd5 26. Rxd5 exd5 27. Re5 Rc4 28. Rxd5 Rxa4 29. g3 Ke6 30. Re5+ Kf6 31. Rc5 h5 32. Rc6+ Kf7 33. Rc7+ Kg6 34. Rxa7 h4 35. Kb3 Ra1 36. c4 hxg3 37. hxg3 Rg1 38. Rxa5 Rxg3+ 39. Kb4 Rf3 40. c5 Rxf4+ 41. Kc3 Rf1 42. Kc2 Kf7 43. Ra7+ Kf6 44. c6 Rf4 45. Kc3 Rf1 46. Kc2 Rf4 47. Kd3 Rf1 48. Kd2 Rf4 49. Kd3 Re4 50. c7 Re8 51. Kd4 Ke6 52. Kc5 Kd7 53. Kb6 Rc8 54. Ra5 Rxc7 55. Rxf5 Rc6+ 56. Kb5 Rf6 57. Rg5 g6 58. Rg1 Rd6 59. Kc5 Ke7 60. Rg2 Re6 61. Kd5 Rf6 62. Ke5 Rf5+ 63. Ke4 Kf6 64. Ra2 Kg5 65. Rg2+ Kf6 66. Ra2 Re5+ 67. Kf4 Rd5 68. Ra6+ Kf7 69. Kg4 Rd4+ 70. Kg5 Rd5+ 71. Kg4 Re5 72. Kf4 Re6 73. Ra5 Kf6 74. Ra8 g5+ 75. Kg4 Re4+ 76. Kf3 Rf4+ 77. Kg3 Re4 78. Rf8+ Kg6 79. Rg8+ Kf5 80. Rf8+ Kg6 81. Rg8+ Kf6 82. Rf8+ Kg7 83. Ra8 Re7 84. Kg4 Re5 85. Ra6 Kf7 86. Rb6 Kg7 87. Ra6 Rd5 88. Rb6 Kf7 89. Ra6 Ke7 90. Rb6 Kd7 91. Rg6 Rd4+ 92. Kxg5 1/2-1/2

[Event "2026 Biel Blitz Open"]
[Site "Biel, CH"]
[Date "2026.07.19"]
[Round "4"]
[White "Haugner, Jan"]
[Black "Liu, Bei"]
[Result "0-1"]
[Board "19"]
[TimeControl "180+2"]
[WhiteFideId "24655244"]
[BlackFideId "8603596"]
[WhiteElo "1976"]
[BlackElo "2170"]
[WhiteClock "0:00:04"]
[BlackClock "0:00:37"]
[Variant "Standard"]
[EndDate "2026.07.19"]
[EndTime "12:47:24"]

1. e4 c5 2. Nc3 d6 3. g3 Nc6 4. Bg2 g6 5. d3 Bg7 6. f4 e6 7. Nf3 Nge7 8. h4 h5 9. O-O Rb8 10. a4 a6 11. Ng5 b5 12. axb5 axb5 13. f5 exf5 14. exf5 Bxf5 15. Bxc6+ Nxc6 16. Nd5 Ne5 17. Ra7 Bg4 18. Qe1 O-O 19. Qf2 Ra8 20. Rxa8 Qxa8 21. Nf6+ Kh8 22. Nge4 Nf3+ 23. Kg2 d5 24. Nxg4 dxe4 25. dxe4 hxg4 0-1

[Event "2026 Biel Blitz Open"]
[Site "Biel, CH"]
[Date "2026.07.19"]
[Round "4"]
[White "Fernandes Barbosa Dos Santos, Gabriel"]
[Black "Clausen, Martin"]
[Result "1-0"]
[Board "20"]
[TimeControl "180+2"]
[WhiteFideId "1354388"]
[BlackFideId "1314882"]
[WhiteElo "2167"]
[BlackElo "1956"]
[WhiteTitle "CM"]
[WhiteClock "0:00:21"]
[BlackClock "0:00:08"]
[Variant "Standard"]
[EndDate "2026.07.19"]
[EndTime "12:47:51"]

1. e4 d5 2. exd5 c6 3. dxc6 Nxc6 4. Nf3 e5 5. Bb5 Bd6 6. Nc3 f5 7. d4 e4 8. d5 a6 9. Bxc6+ bxc6 10. Nd4 c5 11. Ne6 Qe7 12. Bg5 Nf6 13. Bxf6 Qxf6 14. Qh5+ g6 15. Qh6 Bxe6 16. dxe6 Qxe6 17. O-O-O O-O-O 18. Qe3 g5 19. Kb1 Qc4 20. Qxg5 Qe6 21. Qe3 Rhg8 22. g3 h5 23. h4 Qc4 24. Qh6 Bc7 25. Qc6 Kb8 26. Nd5 Rc8 27. Ne7 Be5 28. Nxc8 Rxc8 29. Qb6+ Ka8 30. Rd7 Bb8 1-0

[Event "2026 Biel Blitz Open"]
[Site "Biel, CH"]
[Date "2026.07.19"]
[Round "4"]
[White "Savitha Shri B"]
[Black "Havolli, Daut"]
[Result "1-0"]
[Board "22"]
[TimeControl "180+2"]
[WhiteFideId "35061887"]
[BlackFideId "1315200"]
[WhiteElo "2161"]
[BlackElo "1950"]
[WhiteTitle "IM"]
[WhiteClock "0:01:15"]
[BlackClock "0:03:02"]
[Variant "Standard"]
[EndDate "2026.07.19"]
[EndTime "12:55:53"]

1. e4 c6 2. d4 d5 3. Nc3 e6 4. Nf3 Bb4 5. Bd3 Nf6 6. e5 Nfd7 7. O-O c5 8. Nb5 cxd4 9. Nbxd4 Nc6 10. c3 Be7 11. Re1 O-O 12. Bf4 Re8 13. b4 Nf8 14. Bg3 f6 15. b5 Nxd4 16. Nxd4 f5 17. c4 b6 18. Nc6 Qc7 19. cxd5 exd5 20. Bc2 Be6 21. Bb3 a6 22. Bxd5 Qd7 23. Nxe7+ Qxe7 24. Bxa8 Rxa8 25. bxa6 Rxa6 26. Qd6 Qf7 27. a4 g5 28. f4 gxf4 29. Bxf4 Ng6 30. Bh6 Ra8 31. Rec1 Re8 32. Rc7 Re7 33. Rac1 f4 1-0

[Event "2026 Biel Blitz Open"]
[Site "Biel, CH"]
[Date "2026.07.19"]
[Round "4"]
[White "Ragios, Konstantinos"]
[Black "Kelecevic, Nedeljko"]
[Result "0-1"]
[Board "23"]
[TimeControl "180+2"]
[WhiteFideId "4210484"]
[BlackFideId "14400537"]
[WhiteElo "1957"]
[BlackElo "2150"]
[BlackTitle "IM"]
[WhiteClock "0:00:15"]
[BlackClock "0:00:24"]
[Variant "Standard"]
[EndDate "2026.07.19"]
[EndTime "12:56:03"]

1. e4 e6 2. Nf3 d5 3. exd5 exd5 4. d4 Bg4 5. Bd3 Bd6 6. Be3 Nc6 7. c3 Nge7 8. Nbd2 Qd7 9. Qc2 Bf5 10. O-O O-O 11. Bg5 Bxd3 12. Qxd3 Ng6 13. Nb3 Rae8 14. Rae1 h6 15. Bd2 Rxe1 16. Rxe1 Re8 17. Be3 Re6 18. Nc5 Bxc5 19. dxc5 Nce5 20. Nxe5 Nxe5 21. Qd4 c6 22. Kf1 Nc4 23. b3 Nxe3+ 24. Rxe3 Rxe3 25. Qxe3 Kf8 26. Qf4 a6 27. Qb8+ Ke7 28. Qe5+ Kf8 29. h3 f6 30. Qf4 Kf7 31. a4 g5 32. Qf3 Qe7 33. b4 Qe4 34. Qxe4 dxe4 35. Ke2 f5 36. Ke3 Ke6 37. Kd4 h5 38. c4 h4 39. b5 Kf6 40. f3 exf3 41. gxf3 g4 42. fxg4 fxg4 43. Ke3 gxh3 44. Kf3 Ke5 45. Kf2 Kd4 0-1

[Event "2026 Biel Blitz Open"]
[Site "Biel, CH"]
[Date "2026.07.19"]
[Round "4"]
[White "Gireada, Daniel"]
[Black "Coban, Ege"]
[Result "0-1"]
[Board "24"]
[TimeControl "180+2"]
[WhiteFideId "1206451"]
[BlackFideId "26320304"]
[WhiteElo "2148"]
[BlackElo "1936"]
[WhiteClock "0:00:13"]
[BlackClock "0:00:16"]
[Variant "Standard"]
[EndDate "2026.07.19"]
[EndTime "12:57:13"]

1. d4 Nf6 2. c4 c5 3. d5 b5 4. cxb5 a6 5. Nc3 g6 6. e4 d6 7. h3 Bg7 8. Nf3 O-O 9. a4 Nbd7 10. Bd3 axb5 11. Nxb5 c4 12. Bc2 Ba6 13. Nc3 Nc5 14. Be3 Nd3+ 15. Bxd3 cxd3 16. Qd2 Rb8 17. O-O Qa5 18. Rfc1 Rb3 19. Ne1 Rfb8 20. Nxd3 Nd7 21. Nb5 Qxd2 22. Bxd2 Rxd3 23. Bc3 Bxb5 24. axb5 Bxc3 25. bxc3 Rxb5 26. Ra7 Ne5 27. Rxe7 Rc5 28. Ra1 Rdxc3 29. Ra8+ Kg7 30. f4 Nd3 31. Raa7 Rc1+ 32. Kh2 Rc8 33. Rxf7+ Kg8 34. Rg7+ Kf8 35. Rxh7 Kg8 36. Rhg7+ Kh8 37. Rh7+ Kg8 38. Rag7+ Kf8 39. Rxg6 Nxf4 40. Rf6+ Kg8 41. Rh4 Nd3 42. Rg4+ Kh7 43. Rxd6 Ne5 44. Rg5 Nf7 45. Rd7 Kh6 46. Rf5 Nh8 47. Rd6+ Ng6 48. Rff6 Rg8 49. e5 Re1 50. e6 Kg5 51. Rf3 Kh5 52. Rg3 Rf8 53. Rf3 Nf4 54. e7 Rxe7 55. g4+ Kg5 56. Re6 Nxe6 57. Re3 Rfe8 58. dxe6 Rxe6 59. Rf3 Re2+ 60. Kg1 Re1+ 61. Kg2 R8e2+ 62. Kg3 Re3 63. Kf2 Rxf3+ 64. Kxf3 Ra1 0-1

[Event "2026 Biel Blitz Open"]
[Site "Biel, CH"]
[Date "2026.07.19"]
[Round "4"]
[White "Jehnichen, Kai"]
[Black "Matsumura, Cocoro"]
[Result "0-1"]
[Board "25"]
[TimeControl "180+2"]
[WhiteFideId "24684333"]
[BlackFideId "36087114"]
[WhiteElo "1952"]
[BlackElo "2131"]
[BlackTitle "CM"]
[WhiteClock "0:00:55"]
[BlackClock "0:00:57"]
[Variant "Standard"]
[EndDate "2026.07.19"]
[EndTime "12:55:53"]

1. e4 c5 2. Nf3 d6 3. d4 cxd4 4. Nxd4 Nf6 5. Nc3 a6 6. Bc4 e6 7. O-O Nbd7 8. a4 Qc7 9. Bb3 Nc5 10. Qe2 Be7 11. a5 O-O 12. Rd1 Bd7 13. Bg5 Rac8 14. Qf3 h6 15. Bh4 Bc6 16. Re1 Rfd8 17. Bg3 Qd7 18. Nxc6 bxc6 19. Ba2 Qb7 20. e5 Nd5 21. exd6 Bxd6 22. Bh4 Re8 23. Rab1 Be7 24. Bg3 Bf6 25. Bd6 Nd7 26. Ne4 Be7 27. c4 N5f6 28. Bxe7 Nxe4 29. Qxe4 Rxe7 30. b4 Nf6 31. Qc2 Rd7 32. Rb3 Rcd8 33. Bb1 Rd2 34. Qc1 Qa7 35. c5 Qd7 36. Bc2 Qd4 37. Rf3 Qxb4 38. h3 Kf8 39. Kh1 Qxc5 0-1

[Event "2026 Biel Blitz Open"]
[Site "Biel, CH"]
[Date "2026.07.19"]
[Round "4"]
[White "Hakimifard, Ghazal"]
[Black "Wilhelm, Serge"]
[Result "1-0"]
[Board "26"]
[TimeControl "180+2"]
[WhiteFideId "12506540"]
[BlackFideId "1305808"]
[WhiteElo "2130"]
[BlackElo "1923"]
[WhiteTitle "WGM"]
[WhiteClock "0:00:48"]
[BlackClock "0:01:11"]
[Variant "Standard"]
[EndDate "2026.07.19"]
[EndTime "12:46:23"]

1. e4 c6 2. d4 d5 3. Nd2 dxe4 4. Nxe4 Nf6 5. Qd3 Nxe4 6. Qxe4 Qd5 7. Qf4 Qf5 8. Qd2 g6 9. Nf3 Bg7 10. Bd3 Qg4 11. O-O O-O 12. c3 Bf5 13. Be2 Qe4 14. Re1 Qd5 15. h3 Nd7 16. b3 Rad8 17. Ba3 Rfe8 18. Bc4 Qa5 19. Bxe7 Rc8 20. Ng5 Be6 21. Rxe6 fxe6 22. Bxe6+ Kh8 23. Nf7+ Kg8 24. Nd6+ Kh8 25. Nxc8 Rxc8 26. Bxd7 Rc7 27. Bd8 1-0

[Event "2026 Biel Blitz Open"]
[Site "Biel, CH"]
[Date "2026.07.19"]
[Round "4"]
[White "Jud, Marc"]
[Black "Erne, Raphael"]
[Result "0-1"]
[Board "27"]
[TimeControl "180+2"]
[WhiteFideId "1309099"]
[BlackFideId "1341928"]
[WhiteElo "1946"]
[BlackElo "2128"]
[WhiteClock "0:00:26"]
[BlackClock "0:00:13"]
[Variant "Standard"]
[EndDate "2026.07.19"]
[EndTime "12:54:32"]

1. d4 d5 2. Nf3 Nf6 3. e3 Bg4 4. Be2 e6 5. O-O Be7 6. c4 c6 7. b3 O-O 8. Bb2 Nbd7 9. Nbd2 a5 10. Ne5 Bxe2 11. Qxe2 Nxe5 12. dxe5 Nd7 13. cxd5 cxd5 14. Rac1 Qb6 15. Rc2 f6 16. exf6 Nxf6 17. Rfc1 Bd6 18. h3 Rae8 19. Bd4 Qd8 20. f4 e5 21. fxe5 Bxe5 22. Qb5 Qe7 23. Bxe5 Qxe5 24. Nf1 Ne4 25. Qxb7 d4 26. Qc7 Qf6 27. Qc4+ Kh8 28. Qxd4 Qg6 29. Qd3 Qf5 30. Re2 Qg5 31. Qd4 Qg6 32. Qd3 Qg5 33. Qd4 Qh5 34. Qd3 Ng5 35. Ng3 Qh4 36. e4 Ne6 37. Rce1 Nf4 38. Qe3 Nxe2+ 39. Qxe2 Qxg3 40. e5 Qg6 41. e6 Re7 42. Qc4 Rfe8 43. Qb5 Rxe6 44. Rxe6 Qxe6 45. Qxa5 Qe1+ 46. Qxe1 Rxe1+ 47. Kf2 Ra1 48. Ke3 Rxa2 49. Kd4 Rxg2 50. Kc5 Rg3 51. b4 Rxh3 52. b5 g5 53. b6 Rb3 54. Kc6 g4 55. Kc7 g3 56. b7 g2 57. b8=Q+ Rxb8 58. Kxb8 g1=Q 59. Kc7 Qc5+ 60. Kd7 Kg7 61. Ke6 Kg6 62. Kd7 Qb6 63. Ke7 Kf5 64. Kd7 h5 65. Ke7 Qe6+ 66. Kd8 Qf7 67. Kc8 Ke6 68. Kb8 Kd6 0-1

[Event "2026 Biel Blitz Open"]
[Site "Biel, CH"]
[Date "2026.07.19"]
[Round "4"]
[White "Waelti, Thomas"]
[Black "Habibi, Ali"]
[Result "0-1"]
[Board "29"]
[TimeControl "180+2"]
[WhiteFideId "1303996"]
[BlackFideId "4604393"]
[WhiteElo "1940"]
[BlackElo "2116"]
[BlackTitle "IM"]
[WhiteClock "0:00:48"]
[BlackClock "0:02:05"]
[Variant "Standard"]
[EndDate "2026.07.19"]
[EndTime "12:45:23"]

1. d4 Nf6 2. c4 c5 3. d5 g6 4. Nc3 Bg7 5. e4 d6 6. Be2 O-O 7. g4 a6 8. g5 Nfd7 9. h4 b5 10. h5 Re8 11. hxg6 fxg6 12. cxb5 axb5 13. Be3 b4 14. Nb5 Nf8 15. Nh3 Bxb2 16. Rb1 Bg7 17. Nf4 Rxa2 18. Bg4 Qa5 0-1

[Event "2026 Biel Blitz Open"]
[Site "Biel, CH"]
[Date "2026.07.19"]
[Round "4"]
[White "Harish, Neeraj"]
[Black "Ragavan, Samarth Rajesh"]
[Result "1/2-1/2"]
[Board "30"]
[TimeControl "180+2"]
[WhiteFideId "30958130"]
[BlackFideId "39918106"]
[WhiteElo "1920"]
[BlackElo "2101"]
[WhiteTitle "CM"]
[WhiteClock "0:00:20"]
[BlackClock "0:00:22"]
[Variant "Standard"]
[EndDate "2026.07.19"]
[EndTime "12:55:23"]

1. e4 c6 2. d4 d5 3. exd5 cxd5 4. c3 Nf6 5. Bd3 Nc6 6. h3 e5 7. dxe5 Nxe5 8. Nf3 Nxd3+ 9. Qxd3 Be7 10. O-O O-O 11. Nbd2 h6 12. Nb3 Bd7 13. Nbd4 a6 14. Be3 Re8 15. Rad1 Rc8 16. Rfe1 Bd6 17. Nf5 Bxf5 18. Qxf5 Qc7 19. Bxh6 Rxe1+ 20. Rxe1 Nh7 21. Be3 Rd8 22. Bd4 Qd7 23. Qxd7 Rxd7 24. Re8+ Nf8 25. Ne5 Bxe5 26. Bxe5 f6 27. Bd4 Kf7 28. Rb8 Ne6 29. Be3 Nd8 30. Bb6 Nc6 31. Rh8 Ne5 32. Bd4 Nc4 33. b3 Nd6 34. Kf1 Nb5 35. Ke2 Re7+ 36. Kd3 Nc7 37. Be3 Ne6 38. Rb8 Rd7 39. a4 f5 40. g3 Rc7 41. h4 Rd7 42. Bd4 f4 43. Be5 fxg3 44. fxg3 Kg6 45. b4 Kf5 46. Bd4 Kg4 47. Bf2 Rf7 48. Ke2 Kh3 49. Re8 Nc7 50. Re3 Kg4 51. Re5 b5 52. a5 Kh3 1/2-1/2

[Event "2026 Biel Blitz Open"]
[Site "Biel, CH"]
[Date "2026.07.19"]
[Round "4"]
[White "Delion, Helge"]
[Black "Aryan Mehta"]
[Result "0-1"]
[Board "32"]
[TimeControl "180+2"]
[WhiteFideId "12914568"]
[BlackFideId "33329664"]
[WhiteElo "1911"]
[BlackElo "2061"]
[WhiteClock "0:00:04"]
[BlackClock "0:00:10"]
[Variant "Standard"]
[EndDate "2026.07.19"]
[EndTime "12:50:43"]

1. e4 e5 2. f4 exf4 3. Bc4 Qh4+ 4. Kf1 Nf6 5. Nf3 Qh5 6. Nc3 Bb4 7. e5 Ng4 8. d4 Ne3+ 9. Bxe3 fxe3 10. Qe2 Bxc3 11. bxc3 O-O 12. Qxe3 d6 13. exd6 cxd6 14. Qg5 Qxg5 15. Nxg5 h6 16. Nf3 Nc6 17. Kf2 Bf5 18. Bb3 Na5 19. Rhe1 Rfe8 20. Rxe8+ Rxe8 21. Re1 Rxe1 22. Kxe1 Nxb3 23. cxb3 Kf8 24. Kd2 Ke7 25. c4 g5 26. Ke3 Bb1 27. a3 f5 28. g3 Ke6 29. d5+ Kf6 30. Kd4 Be4 31. Nd2 Bg2 32. b4 f4 33. gxf4 gxf4 34. c5 dxc5+ 35. bxc5 f3 36. Ke3 f2 37. Kxf2 Bxd5 38. Ke3 Ke5 39. Nb1 Bg2 40. Nc3 Bc6 41. Ne2 Kd5 42. Kf4 Kxc5 43. Kf5 h5 44. Kg5 Bf3 45. Ng3 b5 46. Nxh5 a5 47. Nf4 b4 48. axb4+ Kxb4 49. Nd3+ Kc3 50. Nc5 Kc4 51. Na4 Be2 52. h4 Kb4 53. Nb6 Kc5 54. Na4+ Kb4 55. Nb6 Kb5 56. Nd5 Bf3 57. Nc3+ Kb4 58. Na2+ Kb3 59. Kf4 Bd1 60. Nc1+ Kc2 61. Na2 0-1

[Event "2026 Biel Blitz Open"]
[Site "Biel, CH"]
[Date "2026.07.19"]
[Round "4"]
[White "Langner, Robin"]
[Black "Baury, Noe"]
[Result "0-1"]
[Board "33"]
[TimeControl "180+2"]
[WhiteFideId "34606190"]
[BlackFideId "651086867"]
[WhiteElo "2059"]
[BlackElo "1886"]
[WhiteClock "0:00:08"]
[BlackClock "0:00:25"]
[Variant "Standard"]
[Termination "forfeit"]
[EndDate "2026.07.19"]
[EndTime "12:51:31"]

1. d4 Nf6 2. c4 e6 3. g3 d5 4. Bg2 Be7 5. Nf3 O-O 6. O-O b6 7. cxd5 exd5 8. Nc3 Bb7 9. Bf4 Nbd7 10. Nb5 c6 11. Nd6 Ba6 12. Rc1 Bxd6 13. Bxd6 Re8 14. Re1 Ne4 15. Bf4 Rc8 16. Qa4 Bb5 17. Qxa7 Ra8 18. Qc7 Rxa2 19. Qxd8 Rxd8 20. Rc2 Ba4 21. Rcc1 Rxb2 22. Rb1 Rxb1 23. Rxb1 c5 24. Bc7 Rc8 25. Bxb6 Rb8 26. Ra1 Nxb6 27. dxc5 Nxc5 28. Nd4 Nb3 29. Nxb3 Bxb3 30. Ra7 Bc4 31. Bf3 Nc8 32. Rd7 Nb6 33. Ra7 g6 34. Kg2 Kg7 35. h4 h5 36. Rc7 Rc8 37. Rb7 Na4 38. Rd7 Nc3 39. e3 Bd3 40. Kh2 Be4 41. Kg2 Bxf3+ 42. Kxf3 Rc5 43. Ra7 Nb5 44. Rd7 Kf6 45. Rb7 d4 46. Rb6+ Kg7 47. exd4 Nxd4+ 48. Ke3 Nf5+ 49. Kf3 Rc3+ 50. Kg2 Rc2 51. Kf3 Rc3+ 52. Kg2 Nh6 53. Rb2 Ng4 54. Ra2 f6 55. Ra7+ Kh6 56. Ra2 g5 57. hxg5+ fxg5 58. Ra6+ Kg7 59. Ra7+ Kg6 60. Ra6+ Nf6 61. Ra2 g4 62. Re2 Rf3 63. Ra2 Ne4 64. Ra6+ Rf6 65. Ra2 Kg5 66. Ra5+ Rf5 67. Ra2 Kg6 68. Ra6+ Rf6 69. Ra2 Ng5 70. Rb2 Nf3 71. Rb1 Rd6 72. Ra1 Kf5 73. Ra5+ Ne5 74. Ra1 Rd2 75. Kf1 Nd3 76. Ra5+ Ke4 77. Rxh5 Rxf2+ 78. Kg1 Kf3 79. Rd5 Rd2 80. Rd8 Kxg3 81. Kf1 Rf2+ 82. Kg1 Nf4 83. Ra8 Ne2+ 84. Kh1 Rf1# 0-1

[Event "2026 Biel Blitz Open"]
[Site "Biel, CH"]
[Date "2026.07.19"]
[Round "4"]
[White "Leuthold, Cyrill"]
[Black "Tkhoruk, Roman"]
[Result "0-1"]
[Board "34"]
[TimeControl "180+2"]
[WhiteFideId "1333011"]
[BlackFideId "34161589"]
[WhiteElo "1887"]
[BlackElo "2055"]
[WhiteClock "0:00:03"]
[BlackClock "0:00:09"]
[Variant "Standard"]
[EndDate "2026.07.19"]
[EndTime "12:54:53"]

1. d4 Nf6 2. Nf3 d5 3. c3 Bf5 4. Qb3 Qc8 5. c4 e6 6. cxd5 exd5 7. Nc3 c6 8. Bf4 Be7 9. Rc1 O-O 10. e3 Nbd7 11. Be2 Nb6 12. h3 h6 13. a4 Ne4 14. a5 Nxc3 15. bxc3 Nd7 16. O-O Nf6 17. c4 Qd7 18. Ne5 Qc8 19. cxd5 Nxd5 20. Bg3 f6 21. Nc4 Qd7 22. Bf3 Be6 23. Qb2 Nb4 24. Rfd1 Bxc4 25. Rxc4 Nd5 26. Rb1 b5 27. Bxd5+ Qxd5 28. Rc2 a6 29. Kf1 f5 30. Rbc1 Rac8 31. Qc3 c5 32. Qd2 c4 33. f3 Bd6 34. Bxd6 Qxd6 35. Kg1 Qd5 36. Re1 Rfe8 37. Qe2 b4 38. Rec1 c3 39. Qxa6 Rc6 40. Qb7 Rxe3 41. a6 Re8 42. a7 Qxd4+ 43. Kh1 Rcc8 44. Ra2 Ra8 45. Rca1 c2 46. Qc6 b3 47. Ra4 b2 48. Rxd4 bxa1=Q+ 49. Kh2 Qxd4 50. Qa6 0-1

[Event "2026 Biel Blitz Open"]
[Site "Biel, CH"]
[Date "2026.07.19"]
[Round "4"]
[White "Stefan, Iulia-Cristiana"]
[Black "Huang,Hsuan-Chen"]
[Result "0-1"]
[Board "35"]
[TimeControl "180+2"]
[WhiteFideId "1273876"]
[BlackFideId "16303121"]
[WhiteElo "2050"]
[BlackElo "1833"]
[WhiteTitle "WFM"]
[WhiteClock "0:00:04"]
[BlackClock "0:00:39"]
[Variant "Standard"]
[EndDate "2026.07.19"]
[EndTime "12:48:23"]

1. d4 d5 2. Nf3 Nf6 3. c4 e6 4. Bg5 Be7 5. Nc3 c6 6. e3 Nbd7 7. Rc1 O-O 8. Bd3 Re8 9. O-O h6 10. Bh4 dxc4 11. Bxc4 Nd5 12. Bxe7 Qxe7 13. Ne4 a5 14. a3 N5f6 15. Nc3 e5 16. d5 cxd5 17. Nxd5 Nxd5 18. Bxd5 Nf6 19. Ba2 Bg4 20. Qb3 Be6 21. Qa4 Bxa2 22. b3 b5 23. Qxb5 Rab8 24. Qxa5 Bxb3 25. Rc7 Qe6 26. Rfc1 Bd5 27. Nd2 Qg4 28. f3 Qg5 29. e4 Be6 30. Nf1 Red8 31. Qa7 Ra8 32. Qc5 Rac8 33. Qa7 Qxc1 34. Rxc1 Rxc1 35. Qb6 Rdd1 36. Qb8+ Kh7 37. h3 Rxf1+ 38. Kh2 Nh5 39. g4 Nf4 40. Qxe5 Rxf3 41. a4 Rxh3# 0-1

[Event "2026 Biel Blitz Open"]
[Site "Biel, CH"]
[Date "2026.07.19"]
[Round "4"]
[White "Stefan, Romulus-Cristian"]
[Black "Tcheau, Alain"]
[Result "1-0"]
[Board "36"]
[TimeControl "180+2"]
[WhiteFideId "1232835"]
[BlackFideId "1306014"]
[WhiteElo "2048"]
[BlackElo "1777"]
[WhiteTitle "CM"]
[WhiteClock "0:01:34"]
[BlackClock "0:01:19"]
[Variant "Standard"]
[EndDate "2026.07.19"]
[EndTime "12:47:23"]

1. d4 c6 2. Nf3 d5 3. c4 e6 4. Qb3 Qb6 5. Nc3 Qxb3 6. axb3 a6 7. c5 Nf6 8. Bf4 Be7 9. h3 Nbd7 10. b4 O-O 11. b5 cxb5 12. Nxb5 Ne4 13. e3 f6 14. Bd3 g5 15. Bh2 Nb8 16. Nc7 Ra7 17. Nxe6 Bxe6 18. b4 Nc6 19. Rb1 Nc3 20. Rb3 Nb5 21. O-O h6 22. Ra1 Raa8 23. Nd2 f5 24. Nf3 Kg7 25. Ne5 Nxe5 26. Bxe5+ Bf6 27. Bh2 Kf7 28. Bxb5 axb5 29. Rba3 Ra4 30. Rxa4 bxa4 31. Rxa4 Bd7 32. Ra7 Bc6 33. b5 Bxb5 34. Rxb7+ Kg6 35. Rxb5 Ra8 36. Bd6 Rc8 37. Rb6 Kf7 38. Ra6 h5 39. Kf1 h4 40. Ke2 Bd8 41. Be5 Be7 42. Ra7 Ke6 43. Ra6+ Kf7 44. Kd3 Rd8 45. Kc3 Rc8 46. Kb4 Ke8 47. Kb5 Kd7 48. Ra7+ Ke8 49. c6 Bd8 50. c7 Be7 51. Kc6 1-0

[Event "2026 Biel Blitz Open"]
[Site "Biel, CH"]
[Date "2026.07.19"]
[Round "4"]
[White "Materia, Matteo"]
[Black "Bajraktari, Perparim"]
[Result "1-0"]
[Board "37"]
[TimeControl "180+2"]
[WhiteFideId "45150575"]
[BlackFideId "1307711"]
[WhiteElo "1881"]
[BlackElo "2045"]
[WhiteClock "0:00:07"]
[BlackClock "0:00:17"]
[Variant "Standard"]
[EndDate "2026.07.19"]
[EndTime "12:54:33"]

1. Nf3 Nf6 2. d4 g6 3. g3 Bg7 4. Bg2 d6 5. O-O c6 6. c4 O-O 7. Nc3 a5 8. Bf4 Nbd7 9. Qd2 Re8 10. Bh6 Qc7 11. Bxg7 Kxg7 12. Rad1 a4 13. Qc2 a3 14. b3 e5 15. dxe5 Nxe5 16. Nd4 Bd7 17. h3 Be6 18. f4 Ned7 19. e4 Nc5 20. g4 Bxg4 21. hxg4 Nxg4 22. b4 Na6 23. Qe2 h5 24. b5 Nc5 25. Bf3 Nf6 26. Qg2 Na4 27. Nxa4 Rxa4 28. Nf5+ Kh7 29. Nxd6 Rd8 30. e5 Ne8 31. bxc6 bxc6 32. Bxc6 Nxd6 33. Bxa4 Nf5 34. Rxd8 Qxd8 35. Qf2 h4 36. Bc2 Ng3 37. Re1 Qa8 38. Qh2 Qf3 39. Qxh4+ Kg8 40. Bd1 Qc3 41. Kf2 Nf5 42. Qd8+ Kg7 43. e6 Qg3+ 44. Ke2 Qe3+ 45. Kf1 Ng3+ 46. Kg2 Qxe1 47. e7 Ne4 48. Qd4+ f6 49. e8=Q Qg3+ 50. Kf1 Qxf4+ 51. Ke2 Ng3+ 52. Kd3 Qf5+ 53. Kc3 Qb1 54. Qe7+ 1-0

[Event "2026 Biel Blitz Open"]
[Site "Biel, CH"]
[Date "2026.07.19"]
[Round "4"]
[White "Vedant Nayudu"]
[Black "Rappazzo, Johannes"]
[Result "0-1"]
[Board "38"]
[TimeControl "180+2"]
[WhiteFideId "33369780"]
[BlackFideId "1340069"]
[WhiteElo "1732"]
[BlackElo "2032"]
[BlackTitle "FM"]
[WhiteClock "0:00:03"]
[BlackClock "0:01:55"]
[Variant "Standard"]
[EndDate "2026.07.19"]
[EndTime "12:46:11"]

1. e4 c5 2. c3 Nf6 3. e5 Nd5 4. Nf3 Nc6 5. Bc4 Nb6 6. Bb3 c4 7. Bc2 d5 8. exd6 Qxd6 9. O-O Bg4 10. h3 Bh5 11. b3 O-O-O 12. a4 Ne5 13. Be4 e6 14. Ba3 Qc7 15. Bxf8 Rhxf8 16. a5 Nd5 17. Qe2 f5 18. Bxd5 Rxd5 19. bxc4 Nxf3+ 20. gxf3 Re5 21. Qd3 Rd8 22. Qc2 Bxf3 23. d4 Qf7 24. Kh2 Re2 25. Qd3 Qc7+ 26. Kg1 Qf4 27. Nd2 Qg5+ 28. Kh2 Qg2# 0-1

[Event "2026 Biel Blitz Open"]
[Site "Biel, CH"]
[Date "2026.07.19"]
[Round "4"]
[White "Kamildjanov, Saidbek"]
[Black "Hirzel, Robin"]
[Result "0-1"]
[Board "39"]
[TimeControl "180+2"]
[WhiteFideId "151105026"]
[BlackFideId "1342320"]
[WhiteElo "1659"]
[BlackElo "2022"]
[WhiteClock "0:00:05"]
[BlackClock "0:00:08"]
[Variant "Standard"]
[EndDate "2026.07.19"]
[EndTime "12:55:06"]

1. e4 e6 2. d4 d5 3. exd5 exd5 4. Bd3 Bd6 5. h3 Nf6 6. Bg5 O-O 7. Nf3 Re8+ 8. Be3 Bf4 9. O-O Bxe3 10. fxe3 Rxe3 11. Ne5 Nc6 12. Qd2 Rg3 13. Qf4 Rxd3 14. Nxd3 Be6 15. Nc3 a6 16. Rad1 Na5 17. b3 Nc6 18. Ne5 Ne7 19. Qf3 c6 20. g4 Qe8 21. Ne2 Ne4 22. Ng3 Nxg3 23. Qxg3 Ng6 24. Nxg6 hxg6 25. Rfe1 Qd7 26. Rd2 a5 27. Rde2 a4 28. Re3 Qe7 29. Kh2 Qf6 30. Rd3 axb3 31. axb3 Ra2 32. Re2 Qf1 33. Rf2 Qc1 34. Rc3 Ra1 35. Qg2 Qe1 36. Rd3 Qc1 37. Rdd2 Qb1 38. Kg3 Qe1 39. Rde2 Qd1 40. Qf3 Qxd4 41. Rxe6 fxe6 42. Qf8+ Kh7 43. Qe7 Qe3+ 44. Rf3 Rg1+ 45. Kh4 Qh6# 0-1

[Event "2026 Biel Blitz Open"]
[Site "Biel, CH"]
[Date "2026.07.19"]
[Round "4"]
[White "Alexakis, Dimitrios"]
[Black "Marinkovic, Zoran"]
[Result "1-0"]
[Board "40"]
[TimeControl "180+2"]
[WhiteFideId "4200527"]
[BlackFideId "1346083"]
[WhiteElo "1895"]
[BlackElo "2037"]
[WhiteClock "0:00:16"]
[BlackClock "0:00:14"]
[Variant "Standard"]
[EndDate "2026.07.19"]
[EndTime "12:53:42"]

1. e4 c5 2. Nf3 d6 3. d4 cxd4 4. Nxd4 Nf6 5. Nc3 Nc6 6. Bg5 e6 7. Qd2 Be7 8. O-O-O Bd7 9. f4 h6 10. Bh4 Qb6 11. Bf2 Qd8 12. h3 a6 13. g4 b5 14. Bg2 Rc8 15. Kb1 b4 16. Nce2 e5 17. Nf5 Bxf5 18. exf5 Qc7 19. g5 hxg5 20. fxg5 Nd7 21. h4 Nb6 22. b3 a5 23. Ng3 a4 24. Rhf1 a3 25. f6 gxf6 26. gxf6 Bf8 27. Nf5 Nd4 28. Bxd4 exd4 29. Rde1+ Kd8 30. Nxd4 Nd7 31. Nc6+ Qxc6 32. Bxc6 Rxc6 33. Qxb4 d5 34. Qb7 Rc5 35. Rf5 Rxh4 36. Rxd5 Rc7 37. Qa8+ Rc8 38. Re8+ 1-0